 Dungeon Crawl Stone Soup version 0.27-a0-40-g5f2be0e231 (webtiles) character file.

Game seed: 5500801746872667064

38 Borgoz the Ruffian (level 3, -2/30 HPs)
             Began as a Ghoul Gladiator on Jan 6, 2021.
             Slain by Sigmund
             ... wielding a +2 antimagic scythe
              (3 damage)
             ... on level 2 of the Dungeon.
             The game lasted 00:01:26 (790 turns).

Borgoz the Ruffian (Ghoul Gladiator)                 Turns: 790, Time: 00:01:26

Health: -2/30      AC:  4    Str: 17    XL:     3   Next: 43%
Magic:  0/2        EV: 12    Int:  4    God:
Gold:   54         SH:  0    Dex: 10    Spells: 2/2 levels left

rFire    . . .     SeeInvis .     - Unarmed
rCold    + . .     Faith    .   (no shield)
rNeg     + + +     Spirit   .   a - +0 leather armour
rPois    ∞         Reflect  .   b - +0 helmet
rElec    .         Harm     .   (no cloak)
rCorr    .         Rampage  .   (no gloves)
Will     .....                  (no boots)
Stlth    ..........             d - amulet of magic regeneration
HPRegen  0.00/turn              (no ring)
MPRegen  0.33/turn              (no ring)

@: confused
A: claws 1, cold resistance 1, negative energy resistance 3, inhibited
regeneration, torment resistance, unbreathing
a: no special abilities


You were on level 2 of the Dungeon.
You visited 1 branch of the dungeon, and saw 2 of its levels.

You collected 54 gold pieces.

Inventory:

Missiles
 k - 11 poisoned darts (quivered)
Armour
 a - a +0 leather armour (worn)
 b - a +0 helmet (worn)
 i - a +4 ring mail
Jewellery
 d - an amulet of magic regeneration (around neck)
Scrolls
 e - a scroll of remove curse {unknown}
 f - a scroll of enchant weapon {unknown}
 h - 2 scrolls of identify {unknown}
 j - 2 scrolls of teleportation {unknown}


   Skills:
 + Level 2.6 Fighting
 - Level 1.7 Throwing
 * Level 3.2 Dodging
 * Level 4.0 Unarmed Combat


You had 2 spell levels left.
You didn't know any spells.
Your spell library was empty.

Dungeon Overview and Level Annotations

Branches:
Dungeon (2/15)

Altars:

Annotations:
D:2 Sigmund


Innate Abilities, Weirdness & Mutations

You thrive by killing the living.
You are immune to poison.
You have sharp fingernails.
Your flesh is cold resistant. (rC+)
You are immune to negative energy. (rN+++)
You do not regenerate when monsters are visible.
You are immune to unholy pain and torment.
You can survive without breathing.


Message History

No target in view!
You hear some strange, mumbled words.
You are confused.
Things that are here:
a cursed +0 club; 8 stones; a hobgoblin corpse You bump into the rock wall.
Something hits you!
You feel your power leaking away. Something completely misses you.
You completely miss something.
You hear some strange, mumbled words.
A magic dart appears from out of thin air!
The magic dart hits you.
You completely miss something. Something hits you!
* * * LOW HITPOINT WARNING * * *
You feel your power leaking away.
You closely miss something.
You aren't carrying any potions.
You are too confused!
You bump into the rock wall.
Something hits you.
You die...

#.##.# #.#
#.##.# #.#
##.##.####.# #
#..##......#
#.#..(...#####
#..†.##..#
####)##..#
#{.#..#
##@#..#
########.#..#
(.....(.....#
............#
..........>##
.......>....#
.........##.#
.........# .#
.........# .#


There were no monsters in sight!

Vanquished Creatures
  A worm (D:2)
  A dart slug (D:1)
  3 bats (D:1)
  3 giant cockroaches (D:1)
  5 goblins (D:1)
  4 hobgoblins
  3 jackals (D:2)
  A frilled lizard (D:1)
  2 kobolds (D:1)
  6 rats
29 creatures vanquished.

Notes
Turn   | Place    | Note
-------+----------+-------------------------------------------
     0 | D:1      | Borgoz the Ghoul Gladiator began the quest for the Orb.
     0 | D:1      | Reached XP level 1. HP: 17/17 MP: 0/0
    85 | D:1      | Reached XP level 2. HP: 21/25 MP: 1/1
   362 | D:1      | Reached XP level 3. HP: 30/30 MP: 2/2
   758 | D:2      | Noticed Sigmund
   783 | D:2      | Reached skill level 4 in Unarmed Combat
   788 | D:2      | HP: 1/30 [something (10)]
   790 | D:2      | Slain by Sigmund

Illustrated notes

Levels and vault maps discovered:
D:1:      nicolae_arrival_washed_ashore, layout_rooms
D:2:      layout_basic, kennysheep_slug_shrine, grunt_decor_fettered,
          uniq_sigmund

Skill      XL: |  1  2  3 |
---------------+----------+-----
Dodging        | 3 |  3.2
Unarmed Combat | 4 |  4.0
Fighting       | |  2.6
Throwing       | |  1.7

Action                   || total
-------------------------++-------
Melee: Unarmed           ||   101
       Punch             ||     2
Throw: Throwing net      ||     3
  Use: Potion            ||     1
Armor: Leather armour    ||    33
Dodge: Dodged            ||    65

Table legend: (Time is in decaauts)
 A = Elapsed time spent in this place.
 B = Non-inter-level travel time spent in this place.
 C = Inter-level travel time spent in this place.
 D = Time resting spent in this place.
 E = Time spent auto-exploring this place.
 F = Levels seen in this place.
 G = Mean time per level.
                   A        B        C        D        E       F      G
               +--------+--------+--------+--------+--------+-----+--------+
         Total |    782 |    778 |      4 |    181 |    375 |   2 |  391.0 |
       Dungeon |    782 |    778 |      4 |    181 |    375 |   2 |  391.0 |
               +--------+--------+--------+--------+--------+-----+--------+

Top non-repeatable levels by time:
     D:1: 491 daAuts
     D:2: 291 daAuts
